 Dungeon Crawl Stone Soup version 0.32-a0-705-g60f233581c (webtiles) character file.

Game seed: 7069013639102387429

49 BeKind the Trooper (level 3, 0/26 HPs)
             Began as an Octopode Fighter on Mar 14, 2024.
             Slain by a sky beast (6 damage)
             ... on level 3 of the Dungeon.
             The game lasted 00:01:48 (1565 turns).

BeKind the Trooper (Octopode Fighter)               Turns: 1565, Time: 00:01:49

Health: 0/26       AC:  1    Str: 15    XL:     3   Next: 77%
Magic:  3/3        EV: 12    Int: 12    God:
Gold:   117        SH:  4    Dex: 11    Spells: 0/2 levels left

rFire   . .          .
                       - Unarmed
rCold   . . .        a - +0 buckler
rNeg    . . .        (helmet restricted)
rPois   .            (no amulet)
rElec   .            (no ring)
rCorr   .            (no ring)
SInv    .            (no ring)
Will    .....        (no ring)
Stlth   ++           (no ring)
HPRegen 0.24/turn    (no ring)
MPRegen 0.08/turn    (no ring)
                     (no ring)

%: no passive effects
@: about to teleport
A: almost no armour, amphibious, 8 rings, camouflage 1, gelatinous body 1,
(nimble swimmer 1), tentacles
a: no special abilities


You were on level 3 of the Dungeon.
You visited 1 branch of the dungeon, and saw 3 of its levels.

You collected 117 gold pieces.

Inventory:

Armour
 a - a +0 buckler (worn)
Scrolls
 g - a scroll of butterflies {unknown}
 i - a scroll of silence {unknown}
 l - a scroll of enchant armour {unknown}
Potions
 b - 2 potions of might
 c - a potion of invisibility {unknown}
 e - a potion of berserk rage {unknown}
 h - a potion of lignification {unknown}
 j - a potion of enlightenment {unknown}
 k - a potion of mutation {unknown}


   Skills:
 + Level 3.6 Fighting
 + Level 3.6 Dodging
 + Level 3.5 Shields
 - Level 2.0 Unarmed Combat


You couldn't memorise any spells.
You knew the following spells:

 Your Spells              Type           Power      Damage    Failure   Level
a - Call Imp              Summ           0%         N/A       54%         2

Your spell library contained the following spells:

 Spells                   Type           Power      Damage    Failure   Level
 Summon Small Mammal      Summ           0%         N/A       41%         1
 Sublimation of Blood     Necr           0%         N/A       54%         2
 Call Canine Familiar     Summ           0%         N/A       78%         3
 Tukima's Dance           Hex            0%         N/A       78%         3
 Passage of Golubria      Tloc           0%         N/A       99%         4
 Petrify                  Alch/Erth      0%         N/A       99%         4
 Summon Blazeheart Golem  Fire/Summ      0%         N/A       99%         4
 Irradiate                Conj/Alch      0%         3d11      100%        5
 Yara's Violent Unravell  Hex/Alch       0%         3d3       100%        5
 Summon Hydra             Summ           0%         N/A       100%        7


Dungeon Overview and Level Annotations

Branches:
Dungeon (3/15)

Altars:
Cheibriados


Innate Abilities, Weirdness & Mutations

You cannot wear most types of armour.
You are amphibious.
You can wear up to eight rings at the same time.
Your skin changes colour to match your surroundings (Stealth+).
Your rubbery body absorbs attacks. (AC +1, EV +1)
((You are camouflaged when in or above water. (Stealth+)))
You have tentacles for arms and can constrict up to eight enemies at once.


Message History

You finish memorising.
Spell assigned to 'a'.
A frilled lizard comes into view.
A frilled lizard is nearby!
A frilled lizard is nearby!
A ball python and a sky beast come into view.
The ball python hisses angrily.
Found 7 stones.
The ball python bites you.
The sky beast flickers out of sight!
Deactivating autopickup; reactivate with Ctrl-A.
The frilled lizard hisses angrily.
You tentacle-slap the ball python. You grab the ball python.
You squeeze the ball python.
You kill the ball python!
Nothing quivered!
No target in view!
Nothing quivered!
No target in view!
Nothing quivered!
A frilled lizard is nearby!
A frilled lizard is nearby!
A frilled lizard is nearby!
A frilled lizard is nearby!
A frilled lizard is nearby!
A frilled lizard is nearby!
Unknown command.
Unknown command.
Reactivating autopickup.
A sky beast appears from thin air!
The sky beast attacks as it pursues you!
The sky beast hits you. The sky beast shocks you.
As you read the scroll labelled MUNOHA TUS LAO, it crumbles to dust.
The creatures around you are filled with an inner flame!
It was a scroll of immolation.
The sky beast hits you. The sky beast shocks you.
Okay, then.
As you read the scroll labelled FUTHRU VIODEOCW, it crumbles to dust.
You feel strangely unstable.
It was a scroll of teleportation.
The sky beast hits you.
* * * LOW HITPOINT WARNING * * *
The sky beast shocks you.
You die...

##. #.#.# #.##..#.# .. #.#.#
#........ #.# #...# ##.#..... ..
#..†# #.#.##.# ####.####
#...#######.#....# .......#
#.........#.#.#..#
#.#.#.#.#.######...#####.#.#.#..#
......>...#....l.........#.#.....
.#.#.#.#......Y@..........###...
......†...#..............### #.##
#.#.#.#.#.######.........# #.##
.......# #...####### #..#.#
#.#.#.### #...# #.#.#. ........
#...# #.###. #.#.#.#.# ..... # #.
(........ ##.##. #. #.


You could see a sky beast (inner flame) and a frilled lizard (inner flame).

Vanquished Creatures
  An adder (D:2)
  2 ribbon worms (D:2)
  An orc (D:2)
  3 bats
  3 endoplasms
  2 giant cockroaches
  A hobgoblin (D:3)
  6 ball pythons
  3 frilled lizards
  5 goblins
  4 kobolds
  A rat (D:1)
32 creatures vanquished.

Notes
Turn   | Place    | Note
-------+----------+-------------------------------------------
     0 | D:1      | BeKind the Octopode Fighter began the quest for the Orb.
     0 | D:1      | Reached XP level 1. HP: 16/16 MP: 1/1
   281 | D:1      | Reached XP level 2. HP: 21/21 MP: 2/2
   682 | D:2      | Found a snail-covered altar of Cheibriados.
   702 | D:2      | Reached XP level 3. HP: 18/26 MP: 3/3
  1549 | D:3      | Learned a level 2 spell: Call Imp
  1552 | D:3      | Noticed a sky beast
  1565 | D:3      | Slain by a sky beast

Illustrated notes

Levels and vault maps discovered:
D:1:      dpeg_arrival_signposts, layout_rooms, serial_bayou_pond_c,
          columned_hall_lemuel
D:2:      layout_basic, basic_altar, minmay_tromino_v4_b
D:3:      layout_loops_cross, st_stairs_11, kennysheep_flooded_box

Action                     || total
---------------------------++-------
  Melee: Unarmed           ||    68
         Constrict         ||    17
         Tentacles         ||    13
         Punch             ||     2
    Use: Scroll            ||     2
   Stab: Sleeping          ||     6
 Armour: Skin              ||    32
  Dodge: Dodged            ||    34
  Block: Buckler           ||    15

Table legend: (Time is in decaauts)
 A = Elapsed time spent in this place.
 B = Non-inter-level travel time spent in this place.
 C = Inter-level travel time spent in this place.
 D = Time resting spent in this place.
 E = Time spent auto-exploring this place.
 F = Levels seen in this place.
 G = Mean time per level.
                   A        B        C        D        E       F      G
               +--------+--------+--------+--------+--------+-----+--------+
         Total |   1564 |   1513 |     51 |      0 |   1307 |   3 |  521.3 |
       Dungeon |   1564 |   1513 |     51 |      0 |   1307 |   3 |  521.3 |
               +--------+--------+--------+--------+--------+-----+--------+

Top non-repeatable levels by time:
     D:2: 820 daAuts
     D:1: 631 daAuts
     D:3: 112 daAuts
